CAL (WIN)
CLEARWATER THRESHERS @ PALM BEACH CARDINALS
12/02/2048
 
TOP OF THE 1ST
Clearwater Threshers batting - Pitching for Palm Beach Cardinals : RHP Nick Mistretta
Pitching: RHP Nick Mistretta
Batting: LHB Jonathan Roman 0-0: SINGLE (Groundball, 5S, EV 70.0 MPH) (infield hit)
Batting: SHB Steve DeRienzo 0-0: Ball
1-0: Fielders Choice at 2nd, 6-4 (Groundball, 6, EV 91.2 MPH)
Batting: LHB Ryan Young 0-0: Ball
1-0: Swinging Strike
1-1: Swinging Strike
1-2: SINGLE (Groundball, 34D, EV 100.0 MPH)
Steve DeRienzo to second
Runner from 2nd tries for 3rd, SAFE, throw by RF made to third
Batting: LHB Jason Duda 0-0: Called Strike
0-1: Ball
1-1: Ball
Ryan Young is caught stealing 2nd base 2-6
2-1: Swinging Strike
2-2: Foul Ball, location: 2F
2-2: Strikes out swinging
Top of the 1st over - 0 runs, 2 hits, 0 errors, 1 left on base; Clearwater 0 - Palm Beach 0
BOTTOM OF THE 1ST
Palm Beach Cardinals batting - Pitching for Clearwater Threshers : RHP Jamie Gordam
Pitching: RHP Jamie Gordam
Batting: RHB Juan Carrillo 0-0: Ball
1-0: Ball
2-0: Ball
3-0: Called Strike
3-1: Foul Ball, location: 2F
3-2: Foul Ball, location: 2F
3-2: Foul Ball, location: 2F
3-2: Foul Ball, location: 2F
3-2: Foul Ball, location: 2F
3-2: Foul Ball, location: 2F
3-2: Foul Ball, location: 2F
3-2: Foul Ball, location: 2F
3-2: Ground out 1-3 (Groundball, 13S, EV 68.8 MPH)
Batting: LHB Ken Morehead 0-0: Ball
1-0: Called Strike
1-1: Ball
2-1: Ball
3-1: Base on Balls
Batting: RHB Pablo Nunez 0-0: Ball
1-0: SINGLE (Line Drive, 9S, EV 95.0 MPH)
Ken Morehead to second
Runner from 2nd tries for 3rd, SAFE, throw by RF made to third
Batting: LHB Ignacio Ocampo 0-0: Fly out, F7 (Flyball, 7D, EV 96.9 MPH)
Runner from 3rd tags up, SCORES, no throw by LF
Batting: RHB Nelson Salamanca 0-0: Ball
1-0: Ball
2-0: Ball
3-0: Called Strike
3-1: Base on Balls
Pablo Nunez to second
Batting: SHB Bobby Mercado 0-0: Swinging Strike
0-1: Ball
1-1: Ball
2-1: Ball
3-1: Base on Balls
Pablo Nunez to third
Nelson Salamanca to second
Batting: RHB Jonathan Winkler 0-0: Called Strike
0-1: Ball
1-1: Foul Ball, location: 2F
1-2: Fielders Choice at 2nd, 6-4 (Groundball, 6, EV 100.6 MPH)
Bottom of the 1st over - 1 run, 1 hit, 0 errors, 3 left on base; Clearwater 0 - Palm Beach 1
TOP OF THE 2ND
Clearwater Threshers batting - Pitching for Palm Beach Cardinals : RHP Nick Mistretta
Batting: RHB Eddie Serna 0-0: Ball
1-0: Called Strike
1-1: Foul Ball, location: 2F
1-2: Strikes out swinging
Batting: RHB Juan Valadez 0-0: Ball
1-0: Foul Ball, location: 2F
1-1: Ball
2-1: Foul Ball, location: 2F
2-2: Strikes out swinging
Batting: RHB Frank Ramirez 0-0: Called Strike
0-1: Ball
1-1: Ball
2-1: Called Strike
2-2: Foul Ball, location: 2F
2-2: Strikes out swinging
Top of the 2nd over - 0 runs, 0 hits, 0 errors, 0 left on base; Clearwater 0 - Palm Beach 1
BOTTOM OF THE 2ND
Palm Beach Cardinals batting - Pitching for Clearwater Threshers : RHP Jamie Gordam
Batting: RHB Ben Politi 0-0: Foul Ball, location: 2F
0-1: Ball
1-1: Swinging Strike
1-2: Foul Ball, location: 2F
1-2: Ball
2-2: Ball
3-2: Strikes out swinging
Batting: RHB Mario Carbajal 0-0: Ground out 5-3 (Groundball, 56D, EV 89.4 MPH)
Batting: RHB Juan Carrillo 0-0: Ball
1-0: Foul Ball, location: 2F
1-1: Ball
2-1: SINGLE (Line Drive, 56, EV 102.5 MPH)
Batting: LHB Ken Morehead 0-0: Ball
Juan Carrillo steals 2nd base
1-0: Called Strike
1-1: Ball
2-1: Ball
3-1: Foul Ball, location: 2F
3-2: Foul Ball, location: 2F
3-2: Base on Balls
Batting: RHB Pablo Nunez 0-0: Ball
1-0: Called Strike
1-1: Foul Ball, location: 2F
1-2: Ball
Passed Ball!
Juan Carrillo to third
Ken Morehead to second
2-2: Strikes out looking
Bottom of the 2nd over - 0 runs, 1 hit, 0 errors, 2 left on base; Clearwater 0 - Palm Beach 1
TOP OF THE 3RD
Clearwater Threshers batting - Pitching for Palm Beach Cardinals : RHP Nick Mistretta
Batting: RHB Rafael Soto 0-0: Ball
1-0: SINGLE (Flyball, 8RS, EV 91.9 MPH)
Batting: RHB Trent Hedrick 0-0: Called Strike
0-1: Ball
1-1: Ground out 5-3 (Groundball, 15, EV 84.4 MPH)
Rafael Soto to second
Batting: LHB Jonathan Roman 0-0: Ball
1-0: Ball
2-0: Ball
Passed Ball!
Rafael Soto to third
3-0: Called Strike
3-1: Foul Ball, location: 2F
3-2: Strikes out swinging
Batting: SHB Steve DeRienzo 0-0: Ball
1-0: Ball
2-0: Called Strike
2-1: Foul Ball, location: 2F
2-2: Foul Ball, location: 2F
2-2: Foul Ball, location: 2F
2-2: Strikes out swinging
Top of the 3rd over - 0 runs, 1 hit, 0 errors, 1 left on base; Clearwater 0 - Palm Beach 1
BOTTOM OF THE 3RD
Palm Beach Cardinals batting - Pitching for Clearwater Threshers : RHP Jamie Gordam
Batting: LHB Ignacio Ocampo 0-0: Called Strike
0-1: Ball
1-1: Foul Ball, location: 2F
1-2: Ball
2-2: Ball
3-2: Foul Ball, location: 2F
3-2: Fly out, F5 (Popup, 56, EV 67.5 MPH)
Batting: RHB Nelson Salamanca 0-0: Ground out 4-3 (Groundball, 6M, EV 105.0 MPH)
Batting: SHB Bobby Mercado 0-0: Ball
1-0: Ball
2-0: Foul Ball, location: 2F
2-1: DOUBLE (Line Drive, 89D, EV 109.4 MPH)
Batting: RHB Jonathan Winkler 0-0: Ball
1-0: Ball
Passed Ball!
Bobby Mercado to third
2-0: SINGLE (Line Drive, 4D, EV 94.4 MPH)
Bobby Mercado scores
Batting: RHB Ben Politi 0-0: Fielders Choice at 2nd, 6-4 (Groundball, 6, EV 80.6 MPH)
Bottom of the 3rd over - 1 run, 2 hits, 0 errors, 1 left on base; Clearwater 0 - Palm Beach 2
TOP OF THE 4TH
Clearwater Threshers batting - Pitching for Palm Beach Cardinals : RHP Nick Mistretta
Batting: LHB Ryan Young 0-0: SINGLE (Line Drive, 9S, EV 85.6 MPH)
Batting: LHB Jason Duda 0-0: Ball
Ryan Young is caught stealing 2nd base 2-6
1-0: Ball
2-0: Swinging Strike
2-1: Ground out U3 (Groundball, 3L, EV 100.6 MPH)
Batting: RHB Eddie Serna 0-0: Ball
1-0: Called Strike
1-1: Foul Ball, location: 2F
1-2: Foul Ball, location: 2F
1-2: Strikes out looking
Top of the 4th over - 0 runs, 1 hit, 0 errors, 0 left on base; Clearwater 0 - Palm Beach 2
BOTTOM OF THE 4TH
Palm Beach Cardinals batting - Pitching for Clearwater Threshers : RHP Jamie Gordam
Batting: RHB Mario Carbajal 0-0: Called Strike
0-1: Ball
1-1: Foul Ball, location: 2F
1-2: Ball
2-2: Foul Ball, location: 2F
2-2: Ball
3-2: Foul Ball, location: 2F
3-2: Foul Ball, location: 2F
3-2: Ground out 5-3 (Groundball, 56, EV 103.8 MPH)
Pitching: LHP Justin Thornton
Batting: RHB Juan Carrillo 0-0: Called Strike
0-1: Called Strike
0-2: Strikes out looking
Batting: LHB Ken Morehead 0-0: Called Strike
0-1: Ball
1-1: SINGLE (Groundball, 34D, EV 96.9 MPH)
Batting: RHB Pablo Nunez 0-0: Ball
1-0: Called Strike
1-1: Ball
2-1: Fielders Choice at 2nd, 6-4 (Groundball, 6, EV 81.9 MPH)
Bottom of the 4th over - 0 runs, 1 hit, 0 errors, 1 left on base; Clearwater 0 - Palm Beach 2
TOP OF THE 5TH
Clearwater Threshers batting - Pitching for Palm Beach Cardinals : RHP Nick Mistretta
Batting: RHB Juan Valadez 0-0: Foul Ball, location: 2F
0-1: Fly out, F4 (Popup, 4S, EV 78.1 MPH)
Batting: RHB Frank Ramirez 0-0: Ball
1-0: Foul Ball, location: 2F
1-1: Foul Ball, location: 2F
1-2: Ball
2-2: Strikes out swinging
Batting: RHB Rafael Soto 0-0: Fly out, F7 (Flyball, 78S, EV 85.0 MPH)
Top of the 5th over - 0 runs, 0 hits, 0 errors, 0 left on base; Clearwater 0 - Palm Beach 2
BOTTOM OF THE 5TH
Palm Beach Cardinals batting - Pitching for Clearwater Threshers : LHP Justin Thornton
Batting: LHB Ignacio Ocampo 0-0: Ball
1-0: Ball
2-0: Ball
3-0: Base on Balls
Batting: RHB Nelson Salamanca 0-0: Foul Ball, location: 2F
0-1: Called Strike
Ignacio Ocampo is caught stealing 2nd base 2-4
0-2: Ball
1-2: Strikes out looking
Batting: SHB Bobby Mercado 0-0: Fly out, F8 (Flyball, 89M, EV 97.5 MPH)
Bottom of the 5th over - 0 runs, 0 hits, 0 errors, 0 left on base; Clearwater 0 - Palm Beach 2
TOP OF THE 6TH
Clearwater Threshers batting - Pitching for Palm Beach Cardinals : RHP Nick Mistretta
Batting: RHB Trent Hedrick 0-0: Called Strike
0-1: Ground out 4-3 (Groundball, 4, EV 106.2 MPH)
Batting: LHB Jonathan Roman 0-0: Ball
1-0: Foul Ball, location: 2F
1-1: Ball
2-1: Foul Ball, location: 2F
2-2: Ball
3-2: Strikes out swinging
Batting: SHB Steve DeRienzo 0-0: Called Strike
0-1: SINGLE (Groundball, 25, EV 74.4 MPH) (infield hit)
Batting: LHB Ryan Young 0-0: Foul Ball, location: 2F
0-1: Ball
1-1: SINGLE (Groundball, 6M, EV 102.5 MPH) (infield hit)
Steve DeRienzo to second
Batting: LHB Jason Duda 0-0: Ball
1-0: Called Strike
1-1: Called Strike
1-2: Strikes out looking
Top of the 6th over - 0 runs, 2 hits, 0 errors, 2 left on base; Clearwater 0 - Palm Beach 2
BOTTOM OF THE 6TH
Palm Beach Cardinals batting - Pitching for Clearwater Threshers : LHP Justin Thornton
Batting: RHB Jonathan Winkler 0-0: Fly out, F8 (Line Drive, 8RM, EV 92.5 MPH)
Batting: RHB Ben Politi 0-0: Ball
1-0: Foul Ball, location: 2F
1-1: Ground out U3 (Groundball, 23, EV 86.9 MPH)
Batting: RHB Mario Carbajal 0-0: Foul Ball, location: 2F
0-1: Called Strike
0-2: Ball
1-2: Ball
2-2: Foul Ball, location: 2F
2-2: Ball
3-2: Strikes out swinging, 2-3 out at first.
Bottom of the 6th over - 0 runs, 0 hits, 0 errors, 0 left on base; Clearwater 0 - Palm Beach 2
TOP OF THE 7TH
Clearwater Threshers batting - Pitching for Palm Beach Cardinals : RHP Nick Mistretta
Pitching: RHP Tony Casey
Batting: RHB Eddie Serna 0-0: Called Strike
0-1: Called Strike
0-2: Ball
1-2: Foul Ball, location: 2F
1-2: Foul Ball, location: 2F
1-2: Strikes out swinging
Batting: RHB Juan Valadez 0-0: Ball
1-0: Called Strike
1-1: Ground out 3-1 (Groundball, 34, EV 100.0 MPH)
Batting: RHB Frank Ramirez 0-0: Called Strike
0-1: Fly out, F8 (Flyball, 8LM, EV 73.1 MPH)
Top of the 7th over - 0 runs, 0 hits, 0 errors, 0 left on base; Clearwater 0 - Palm Beach 2
BOTTOM OF THE 7TH
Palm Beach Cardinals batting - Pitching for Clearwater Threshers : LHP Justin Thornton
Batting: RHB Juan Carrillo 0-0: Ball
1-0: SINGLE (Line Drive, 8LS, EV 91.2 MPH)
Batting: LHB Ken Morehead 0-0: Called Strike
0-1: Ball
1-1: Ball
Passed Ball!
Juan Carrillo to second
2-1: Ball
3-1: Foul Ball, location: 2F
3-2: DOUBLE (Line Drive, 5D, EV 101.2 MPH)
Juan Carrillo scores
Pitching: RHP Danny Dean
Batting: RHB Pablo Nunez 0-0: Ball
1-0: Foul Ball, location: 2F
1-1: Ball
2-1: Foul Ball, location: 2F
2-2: Strikes out looking
Batting: LHB Ignacio Ocampo 0-0: Ball
1-0: Ball
2-0: SINGLE (Line Drive, 56D, EV 100.0 MPH)
Ken Morehead to third
Runner from 3rd tries for Home, SAFE, throw by LF to home
Batting: RHB Nelson Salamanca 0-0: SINGLE (Groundball, 6M, EV 99.4 MPH) (infield hit)
Ignacio Ocampo to second
Batting: SHB Bobby Mercado 0-0: Ball
1-0: Called Strike
1-1: Fly out, F8 (Line Drive, 89M, EV 91.2 MPH)
Batting: RHB Jonathan Winkler 0-0: Ball
1-0: DOUBLE (Line Drive, 89XD, EV 105.0 MPH)
Ignacio Ocampo scores
Nelson Salamanca to third
Runner from 3rd tries for Home, SAFE, no throw by CF
Batting: RHB Ben Politi 0-0: Foul Ball, location: 2F
0-1: Ball
1-1: Called Strike
1-2: Strikes out swinging
Bottom of the 7th over - 4 runs, 5 hits, 0 errors, 1 left on base; Clearwater 0 - Palm Beach 6
TOP OF THE 8TH
Clearwater Threshers batting - Pitching for Palm Beach Cardinals : RHP Tony Casey
Batting: RHB Rafael Soto 0-0: Called Strike
0-1: Ball
1-1: Foul Ball, location: 2F
1-2: Ball
2-2: Foul Ball, location: 2F
2-2: Strikes out swinging
Batting: RHB Trent Hedrick 0-0: Swinging Strike
0-1: Foul Ball, location: 2F
0-2: Ball
1-2: Ball
2-2: Strikes out looking
Batting: LHB Jonathan Roman 0-0: Called Strike
0-1: Ball
1-1: Ball
2-1: Ball
3-1: SINGLE (Groundball, 25, EV 72.5 MPH) (infield hit)
Batting: SHB Steve DeRienzo 0-0: Ball
Wild Pitch!
Jonathan Roman to second
1-0: Ball
2-0: Ball
3-0: Called Strike
3-1: Swinging Strike
3-2: Foul Ball, location: 2F
3-2: Foul Ball, location: 2F
3-2: Strikes out swinging
Top of the 8th over - 0 runs, 1 hit, 0 errors, 1 left on base; Clearwater 0 - Palm Beach 6
BOTTOM OF THE 8TH
Palm Beach Cardinals batting - Pitching for Clearwater Threshers : RHP Danny Dean
Batting: RHB Mario Carbajal 0-0: Ball
1-0: Fly out, F8 (Flyball, 8RD, EV 92.5 MPH)
Batting: RHB Juan Carrillo 0-0: Foul Ball, location: 2F
0-1: Swinging Strike
0-2: Ball
1-2: Ball
2-2: Foul Ball, location: 2F
2-2: Strikes out swinging
Batting: LHB Ken Morehead 0-0: Ball
1-0: Ball
2-0: Foul Ball, location: 2F
2-1: Foul Ball, location: 2F
2-2: Foul Ball, location: 2F
2-2: Foul Ball, location: 2F
2-2: Ball
3-2: Fly out, F9 (Line Drive, 9D, EV 99.4 MPH)
Bottom of the 8th over - 0 runs, 0 hits, 0 errors, 0 left on base; Clearwater 0 - Palm Beach 6
TOP OF THE 9TH
Clearwater Threshers batting - Pitching for Palm Beach Cardinals : RHP Tony Casey
Batting: LHB Ryan Young 0-0: Called Strike
0-1: Ball
1-1: Ball
2-1: Swinging Strike
2-2: Ball
3-2: Strikes out looking
Batting: LHB Jason Duda 0-0: Foul Ball, location: 2F
0-1: Swinging Strike
0-2: Foul Ball, location: 2F
0-2: Strikes out swinging
Batting: RHB Eddie Serna 0-0: Ball
1-0: Fly out, F9 (Line Drive, 9S, EV 95.0 MPH)
Top of the 9th over - 0 runs, 0 hits, 0 errors, 0 left on base; Clearwater 0 - Palm Beach 6
Tuesday, March 28th , 2023 - OOTP Baseball 23.10 Build 110